 Dungeon Crawl Stone Soup version 0.30.1-3-gfc49f6343a (webtiles) character file.

Game seed: 6634187987229713653

13900 cheesebisquit the Brawler (level 11, -4/113 HPs)
             Began as a Troll Fighter on July 23, 2023.
             Was a Follower of Wu Jian.
             Slain by a minotaur zombie (15 damage)
             ... in a Gauntlet.
             The game lasted 00:34:50 (10379 turns).

cheesebisquit the Brawler (Troll Fighter)          Turns: 10379, Time: 00:34:51

Health: -4/113     AC:  8    Str: 26    XL:     11   Next: 81%
Magic:  10/10      EV: 10    Int:  8    God:    Wu Jian [*.....]
Gold:   684        SH: 16    Dex:  9    Spells: 10/10 levels left

rFire   + +          .
                       - Unarmed
rCold   x . .        b - +1 kite shield
rNeg    . . .        x - +2 robe {rF+}
rPois   .            (helmet restricted)
rElec   .            G - +1 cloak
rCorr   .            (gloves unavailable)
SInv    .            (boots unavailable)
Will    +....        d - amulet of reflection
Stlth   +            f - ring of fire
HPRegen 1.18/turn    h - ring of willpower
MPRegen 0.12/turn

%: no teleportation, reflection
@: studying Earth Magic
A: large, unfitting armour, claws 3, regeneration 1, shaggy fur 1, tough skin 1
a: Renounce Religion


You were in a Gauntlet.
You worshipped Wu Jian.
Wu Jian was aware of your devotion.
You visited 2 branches of the dungeon, and saw 12 of its levels.
You also visited: Ossuary and Gauntlet.

You collected 1092 gold pieces.
You spent 408 gold pieces at shops.

Inventory:

Missiles
 A - 5 boomerangs
 C - 5 datura-tipped darts
 E - 15 poisoned darts (quivered)
 I - 6 javelins
 J - 2 silver javelins
Armour
 b - a +1 kite shield (worn)
 x - a +2 robe of fire resistance (worn)
 G - a +1 cloak (worn)
 M - a scarf of invisibility
Jewellery
 d - an amulet of reflection (around neck)
 f - a ring of fire (left claw)
 g - a ring of protection from cold
 h - a ring of willpower (right claw)
 i - a +6 ring of dexterity
 v - an amulet of faith
 K - a ring of protection from cold
Wands
 p - a wand of acid (18)
 r - a wand of polymorph (10)
 s - a wand of mindburst (6)
 F - a wand of digging (2)
Scrolls
 a - a scroll of noise {unknown}
 e - 6 scrolls of teleportation
 l - a scroll of magic mapping {unknown}
 n - a scroll of poison
 o - 3 scrolls of vulnerability
 y - a scroll of fog
 H - a scroll of enchant weapon {unknown}
 L - a scroll of immolation {unknown}
Potions
 c - 3 potions of flight
 k - a potion of haste {unknown}
 m - 3 potions of magic
 t - 4 potions of lignification
 u - a potion of mutation
 z - a potion of brilliance
 D - a potion of resistance {unknown}
 O - a potion of invisibility {unknown}
Miscellaneous
 N - a condenser vane


   Skills:
 + Level 8.3 Fighting
 + Level 4.6 Dodging
 + Level 9.1 Shields
 * Level 15.9 Unarmed Combat


You had 10 spell levels left.
You didn't know any spells.
Your spell library contained the following spells:

 Spells                   Type           Power      Damage    Failure   Level
 Apportation              Tloc           0%         N/A       58%         1
 Sandblast                Erth           0%         2d4       58%         1
 Sting                    Tmut/Pois      0%         1d3       58%         1
 Cigotuvi's Dreadful Rot  Necr/Pois/Air  0%         N/A       75%         2
 Passwall                 Tmut/Erth      0%         N/A       75%         2
 Poisonous Vapours        Pois/Air       0%         N/A       75%         2
 Ignite Poison            Fire/Tmut/Pois 0%         N/A       92%         3
 Stone Arrow              Conj/Erth      0%         3d7       92%         3
 Olgreb's Toxic Radiance  Pois           0%         N/A       100%        4
 Alistair's Intoxication  Tmut/Pois      0%         N/A       100%        5
 Freezing Cloud           Conj/Ice/Air   0%         6-21      100%        5


Dungeon Overview and Level Annotations

Branches:
Dungeon (11/15)            Temple (1/1) D:6            Lair (0/5) D:11
Ossuary (visited)         Gauntlet (1/1)
    Orc: D:9-12

Altars:
Ashenzari
Cheibriados
Dithmenos
Elyvilon
Fedhas
Gozag
Hepliaklqana
Kikubaaqudgha
Makhleb
Nemelex Xobeh
Okawaru
Qazlal
Ru
Sif Muna
Trog
Uskayaw
Vehumet
Wu Jian
Xom
Yredelemnul
Zin
The Shining One

Shops:
D:2 [   D:5 *   D:6 !   D:9 [

Annotations:
Gauntlet 12 transporters, exclusions: 3 lightning spires, obsidian statue and orange crystal statue


Innate Abilities, Weirdness & Mutations

You are too large for most types of armour.
You have claws for hands.
Your natural rate of healing is unusually fast.
You are covered in fur. (AC +1)
You have tough skin. (AC +1)


Message History

The minotaur hits you with a +0 trident!!
You block the minotaur's attack.
You claw the minotaur!
The minotaur is lightly wounded.
You feel better.
The minotaur hits you with a +0 trident!!
* * * LOW HITPOINT WARNING * * *
The minotaur gores you but does no damage.
You claw the minotaur!
The minotaur is moderately wounded.
The minotaur completely misses you. You block the minotaur's attack.
Okay, then.
You claw the minotaur!
The minotaur is heavily wounded.
The minotaur closely misses you. The minotaur gores you.
* * * LOW HITPOINT WARNING * * *
You mangle the minotaur!!
The minotaur is almost dead.
You block the minotaur's attack. x2
You barely miss the minotaur.
The minotaur furiously retaliates!
The minotaur headbutts you, but does no damage.
The minotaur is almost dead.
The minotaur hits you with a +0 trident!
* * * LOW HITPOINT WARNING * * *
You block the minotaur's attack.
You claw the minotaur!
You kill the minotaur!
The Council accepts your kill.
Press: ? - help, v - describe, . - travel
Here: a minotaur zombie The floor.
You feel better.
You mangle the minotaur zombie!!
The minotaur zombie is moderately damaged.
You block the minotaur zombie's attack. The minotaur zombie gores you.
* * * LOW HITPOINT WARNING * * *
You mangle the minotaur zombie!!
The minotaur zombie is heavily damaged.
The minotaur zombie hits you!
You die...

.|©=$..#.#...!©[(..#.#...|©"!..#.
########.###########.###########.
.................................
...................≈∩≈...........
#################################
#8# #8# #8##≈...............≈##8#
### ### ####8..©.©.©.©.©.©..8####
#≈...............≈#
#####@###.###.##### #Z# #.# #.#
... .###. #. .. # #' .# ∩


You could see a minotaur zombie.

Vanquished Creatures
  A minotaur (Gauntlet)
  A centaur warrior (D:10)
  2 two-headed ogres (D:10)
  Amaemon (D:8)
  A fire crab (Gauntlet)
  Pikel (D:7)
  An ugly thing (D:11)
  Joseph (D:8)
  An ice statue (Gauntlet)
  A gargoyle (D:6)
  An orange demon (D:8)
  3 rime drakes
  Psyche (D:8)
  A hornet (D:7)
  A polar bear (D:11)
  Prince Ribbit (D:6)
  Sigmund (D:6)
  A wraith (D:9)
  4 yaks (D:7)
  2 fire bats (Gauntlet)
  Grum (D:9)
  A water moccasin (D:6)
  Duvessa (D:4)
  A sky beast (D:7)
  13 ice beasts
  3 orc warriors
  An ogre (D:6)
  5 centaurs
  6 wolves
  3 lemures (D:7)
  A kobold brigand (D:8)
  2 phantoms (D:6)
  4 bullfrogs
  3 gnoll sergeants
  2 scorpions
  6 wights
  Dowan (D:4)
  6 killer bees (D:6)
  A vampire bat (D:10)
  2 howler monkeys (D:9)
  8 crimson imps (D:9)
  2 orc priests
  3 hounds
  A human zombie (Ossuary)
  A sleepcap (D:5)
  3 iguanas
  9 orc wizards
  A statue (D:4)
  2 mummies (Ossuary)
  16 gnolls
  11 adders
  A shadow imp (D:9)
  2 white imps
  A worm (D:4)
  2 dart slugs
  25 orcs
  4 ball pythons
  2 bats
  3 bat skeletons (D:10)
  A bat zombie (D:10)
  8 endoplasms
  8 goblins
  8 hobgoblins
  3 jackals (D:3)
  8 kobolds
  2 quokkas
  4 frilled lizards
  4 gnoll zombies (Ossuary)
  A goblin zombie (Ossuary)
  3 hobgoblin zombies (Ossuary)
  5 orc zombies (Ossuary)
  5 rats
247 creatures vanquished.

Vanquished Creatures (others)
  An orc (D:4)
1 creature vanquished.

Grand Total: 248 creatures vanquished

Notes
Turn   | Place    | Note
-------+----------+-------------------------------------------
     0 | D:1      | cheesebisquit the Troll Fighter began the quest for the
                  | Orb.
     0 | D:1      | Reached XP level 1. HP: 22/22 MP: 0/0
   153 | D:1      | Reached XP level 2. HP: 29/29 MP: 1/1
   351 | D:1      | You fall into a shaft and drop 1 floor!
   773 | D:2      | Reached XP level 3. HP: 36/36 MP: 2/2
   777 | D:2      | Reached skill level 3 in Unarmed Combat
   780 | D:2      | Identified the +2 leather armour "Wuefaut" {Int+2}
   791 | D:2      | Found Roudor's Antique Armour Shoppe.
  1433 | D:3      | Noticed a scorpion
  1437 | D:3      | Killed a scorpion
  1438 | D:3      | Reached XP level 4. HP: 45/45 MP: 3/3
  1736 | D:3      | Reached XP level 5. HP: 53/53 MP: 4/4
  1740 | D:3      | Reached skill level 4 in Unarmed Combat
  1796 | D:3      | Found a faded altar of an unknown god.
  2318 | D:4      | Noticed Duvessa
  2318 | D:4      | Noticed Dowan
  2476 | D:4      | Found a glowing silver altar of Zin.
  2476 | D:4      | Found a white marble altar of Elyvilon.
  2476 | D:4      | Found a glowing golden altar of the Shining One.
  2581 | D:4      | Killed Duvessa
  2582 | D:4      | Reached XP level 6. HP: 37/61 MP: 5/5
  2585 | D:4      | Killed Dowan
  2586 | D:4      | Reached skill level 5 in Unarmed Combat
  2806 | D:4      | Found a shimmering altar of Xom.
  2811 | D:4      | Noticed an orc warrior
  2826 | D:4      | Killed an orc warrior
  2827 | D:4      | Reached XP level 7. HP: 50/70 MP: 6/6
  2859 | D:4      | Found the +1 Delatra's gloves {ID++}
  2926 | D:4      | Reached skill level 6 in Unarmed Combat
  2953 | D:4      | Found a radiant altar of Vehumet.
  2954 | D:4      | Found the +18 Lear's hauberk
  3052 | D:5      | Entered Level 5 of the Dungeon
  3053 | D:5      | Identified 2 scrolls of acquirement
  3053 | D:5      | Acquired a manual of Unarmed Combat
  3055 | D:5      | Acquired an amulet of reflection
  3181 | D:5      | Found a sand-covered staircase.
  3187 | Ossuary  | Entered an ossuary
  3967 | D:5      | Reached skill level 7 in Unarmed Combat
  4106 | D:5      | Found Vofragg's Assorted Antiques.
  4114 | D:5      | Bought a brown potion for 18 gold pieces
  4114 | D:5      | Bought a glowing sapphire potion for 18 gold pieces
  4114 | D:5      | Bought a scroll of identify for 40 gold pieces
  4114 | D:5      | Bought a potion of curing for 60 gold pieces
  4114 | D:5      | Bought a scroll labelled ONIENONOXU for 20 gold pieces
  4414 | D:6      | Noticed Sigmund
  4540 | D:6      | Reached skill level 5 in Shields
  4540 | D:6      | Reached XP level 8. HP: 79/79 MP: 7/7
  4549 | D:6      | Found a blossoming altar of Fedhas.
  4569 | D:6      | Reached skill level 8 in Unarmed Combat
  4581 | D:6      | Found a staircase to the Ecumenical Temple.
  4597 | D:6      | Killed Sigmund
  4598 | D:6      | Reached skill level 5 in Fighting
  4598 | D:6      | Reached skill level 9 in Unarmed Combat
  4602 | Temple   | Entered the Ecumenical Temple
  4639 | D:6      | Noticed Prince Ribbit
  4644 | D:6      | Killed Prince Ribbit
  4800 | D:6      | Found Uxiunapa's Distillery.
  4805 | D:6      | Reached skill level 10 in Unarmed Combat
  4820 | D:6      | Bought a potion of curing for 42 gold pieces
  4820 | D:6      | Bought a potion of cancellation for 112 gold pieces
  4820 | D:6      | Bought a potion of brilliance for 56 gold pieces
  4820 | D:6      | Bought a potion of curing for 42 gold pieces
  4847 | D:6      | Noticed a gargoyle
  4852 | D:6      | Killed a gargoyle
  4853 | D:6      | Reached XP level 9. HP: 88/88 MP: 8/8
  4858 | D:6      | Reached skill level 11 in Unarmed Combat
  5346 | D:6      | Found a bloodstained altar of Trog.
  5612 | D:7      | Reached skill level 12 in Unarmed Combat
  5998 | D:7      | Reached skill level 13 in Unarmed Combat
  6044 | D:7      | Noticed Pikel
  6071 | D:7      | Killed Pikel
  6072 | D:7      | Reached XP level 10. HP: 37/100 MP: 9/9
  6555 | D:8      | Noticed an orange demon
  6619 | D:8      | Noticed Amaemon
  6637 | D:8      | Killed Amaemon
  6638 | D:8      | Reached skill level 14 in Unarmed Combat
  6650 | D:8      | Killed an orange demon
  6784 | D:8      | Noticed Joseph
  6788 | D:8      | Noticed Psyche
  6798 | D:8      | Killed Joseph
  6829 | D:8      | Killed Psyche
  7010 | D:8      | Found an ornate altar of the Wu Jian Council.
  7010 | D:8      | Found a faded altar of an unknown god.
  7015 | D:8      | Found an opulent altar of Gozag.
  7018 | D:8      | Became a worshipper of the Wu Jian Council
  7022 | D:8      | Found a faded altar of an unknown god.
  7024 | D:8      | Found a shimmering blue altar of Sif Muna.
  7349 | D:9      | Found an iron altar of Okawaru.
  7547 | D:9      | Noticed Grum
  7564 | D:9      | Killed Grum
  7644 | D:9      | Found a snail-covered altar of Cheibriados.
  7651 | D:9      | Reached XP level 11. HP: 109/109 MP: 10/10
  7652 | D:9      | Found Cheibriados's Comfort Zone.
  7700 | D:9      | Found a hazy altar of Hepliaklqana.
  7726 | D:9      | Found a burning altar of Makhleb.
  7863 | D:9      | Reached * piety under Wu Jian
  7965 | D:10     | Entered Level 10 of the Dungeon
  7965 | D:10     | Noticed a two-headed ogre
  7972 | D:10     | Killed a two-headed ogre
  7973 | D:10     | Reached skill level 15 in Unarmed Combat
  8024 | D:10     | Noticed a centaur warrior
  8033 | D:10     | Killed a centaur warrior
  8143 | D:10     | Found a stormy altar of Qazlal.
  8291 | D:10     | Noticed a two-headed ogre
  8297 | D:10     | Killed a two-headed ogre
  8866 | D:10     | Found an ancient bone altar of Kikubaaqudgha.
  9044 | D:11     | Found a staircase to the Lair.
  9135 | D:11     | Noticed a cyan ugly thing
  9148 | D:11     | Killed a cyan ugly thing
  9226 | D:11     | Found a gate leading to a gauntlet.
  9239 | Gauntlet | Entered a Gauntlet
  9239 | Gauntlet | Found a transporter.
  9253 | Gauntlet | Found a transporter.
  9263 | Gauntlet | Found a transporter.
  9265 | Gauntlet | Noticed an entropy weaver
  9266 | Gauntlet | Noticed a wolf spider
  9268 | Gauntlet | Found a transporter.
  9283 | Gauntlet | Found a transporter.
  9299 | Gauntlet | Found a transporter.
  9314 | Gauntlet | Found a transporter.
  9326 | Gauntlet | Found a transporter.
  9326 | Gauntlet | Noticed an obsidian statue
  9337 | Gauntlet | Found the ring of the Octopus King
  9338 | Gauntlet | Found a transporter.
  9338 | Gauntlet | Noticed an orange crystal statue
  9346 | Gauntlet | Noticed a sixfirhy
  9350 | Gauntlet | Found a transporter.
  9350 | Gauntlet | Noticed a sixfirhy
  9357 | Gauntlet | Noticed a sixfirhy
  9367 | Gauntlet | Found a transporter.
  9385 | Gauntlet | Found a transporter.
  9387 | Gauntlet | Found a transporter.
  9389 | Gauntlet | Noticed a fire crab
  9414 | Gauntlet | Found a transporter.
  9434 | Gauntlet | Found a transporter.
  9512 | Gauntlet | Found a transporter.
  9534 | Gauntlet | Found a transporter.
  9811 | Gauntlet | Found a transporter.
 10015 | Gauntlet | Killed a fire crab
 10362 | Gauntlet | Noticed a minotaur
 10375 | Gauntlet | HP: 5/111 [minotaur/+0 trident (11)]
 10376 | Gauntlet | Killed a minotaur
 10379 | Gauntlet | Slain by a minotaur zombie

Illustrated notes

Levels and vault maps discovered:
D:1:      matt_arrival_los_fun, layout_rooms, serial_park_tiny_1,
          hangedman_decor_clover_reticule,
          nicolae_concentric_dashed_squares_mild
D:2:      wander_river, layout_loops_ring, serial_shops, shop,
          minmay_misc_feat_roman, nicolae_elevator_lobby_asterisk
D:3:      layout_loops_corners, serial_glass, glass_columns_a, glass_columns_b,
          ebering_ecumenical_altar_rust
D:4:      layout_rooms, good_gods_mini_temple, vehumet_statue,
          xom_confusion_cloud, pf_guarded_unrand_delatra, uniq_duvessa
D:5:      layout_basic, nicolae_ossuary_entry_plus, serial_shops,
          nicolae_shop_stone, chequers_serial_rivers_room_a
D:6:      kennysheep_big_flooded_room, layout_loops_ring, amcnicky_altar_gilded,
          lightli_temple_of_fire, minmay_temple_entry_hall, serial_shops,
          nicolae_diamond_shop, uniq_prince_ribbit1, uniq_sigmund
D:7:      layout_basic, enter_bailey_3, minmay_stone_trees_small, uniq_pikel
D:8:      layout_rooms, chequers_temple_overflow_minitemple, uniq_amaemon,
          uniq_psyche, uniq_joseph
D:9:      layout_gridville, mainiacjoe_overflow_alcove_4,
          mainiacjoe_overflow_two_lobes, kennysheep_pointless_box,
          minmay_shop_chei, minmay_nine_imps, uniq_grum
D:10:     layout_loops_ring, kennysheep_vampire_church,
          mainiacjoe_overflow_24_doors
D:11:     layout_small_grid, hellmonk_lair_entry_icy, gauntlet_entry_generic
Temple:   hellmonk_temple_two_chambers
Gauntlet: gammafunk_gauntlet_one_two_three
          [gammafunk_gauntlet_arena_arrow_garden,
          gammafunk_gauntlet_arena_mazey, gammafunk_gauntlet_arena_split_x,
          nicolae_gauntlet_arena_blocks, gammafunk_gauntlet_arena_teeth,
          gammafunk_gauntlet_arena_corners, gammafunk_gauntlet_arena_hedges,
          gammafunk_gauntlet_arena_spirals, nicolae_gauntlet_arena_flowing_pool,
          gauntlet_exit_hidden_loot]

Skill      XL: |  1  2  3  4  5  6  7  8  9 10 11 |
---------------+----------------------------------+-----
Shields        | 3 4 5 6 7 8 9 |  9.1
Unarmed Combat | 3 4 5 7 10 13 14 15 | 15.9
Fighting       | 3 4 5 6 7 8 |  8.3
Dodging        | 3 4 |  4.6

Action                     |  1- 3 |  4- 6 |  7- 9 | 10-12 || total
---------------------------+-------+-------+-------+-------++-------
  Melee: Unarmed           |    83 |   125 |   189 |   299 ||   696
  Throw: Dart              |       |       |    23 |    27 ||    50
         Boomerang         |       |       |     1 |    26 ||    27
Ability: Lunge             |       |       |       |    15 ||    15
         Whirlwind         |       |       |       |     1 ||     1
  Evoke: Wand              |       |     2 |    12 |       ||    14
    Use: Potion            |     1 |     1 |       |     9 ||    11
         Scroll            |       |     3 |    11 |     7 ||    21
   Stab: Sleeping          |     2 |     2 |       |       ||     4
 Armour: Robe              |    21 |    26 |    33 |    60 ||   140
  Dodge: Dodged            |    25 |    44 |    28 |    70 ||   167
  Block: Kite shield       |    22 |    48 |    95 |   223 ||   388
         Reflection        |       |       |     1 |     8 ||     9
         Other             |       |       |       |     1 ||     1
